 Dungeon Crawl Stone Soup version 0.29.0-4-gdea44cf6ec (webtiles) character file.

Game seed: 11641515854873709189

82 qw the Chopper (level 4, 0/26 HPs)
             Began as a Tengu Warper on Aug 28, 2022.
             Succumbed to their own poison gas
             ... on level 2 of the Dungeon.
             The game lasted 00:00:12 (2084 turns).

qw the Chopper (Tengu Warper)                       Turns: 2084, Time: 00:00:13

Health: 0/26       AC: 10    Str: 12 (14) XL:     4   Next: 43%
Magic:  8/8        EV:  5    Int: 12 (13) God:
Gold:   139        SH:  0    Dex: 10 (13) Spells: 7/7 levels left

rFire   . . .      SeeInvis .   Y - +0 hand axe
rCold   . . .      Faith    .   (no shield)
rNeg    . . .      Spirit   .   j - +0 chain mail
rPois   .          Reflect  .   (helmet restricted)
rElec   .          Harm     .   f - +1 cloak
rCorr   .          Rampage  .   (no gloves)
Will    .....                   (boots unavailable)
Stlth   ..........              (no amulet)
HPRegen 0.08/turn               (no ring)
MPRegen 0.11/turn               (no ring)

@: brilliant, lethally poisoned (0 -> -1)
A: beak, talons 3
a: no special abilities


You were on level 2 of the Dungeon.
You visited 1 branch of the dungeon, and saw 2 of its levels.

You collected 139 gold pieces.


Innate Abilities, Weirdness & Mutations

You have a beak for a mouth.
You have claws for feet.


   Skills:
 - Level 2.0 Fighting
 - Level 5.0 Axes
 - Level 1.0 Throwing
 + Level 1.1 Armour
 - Level 2.1 Dodging
 - Level 2.0 Spellcasting
 - Level 2.4 Translocations


You had 7 spell levels left.
You didn't know any spells.
Your spell library contained the following spells:

 Spells                   Type           Power      Damage    Failure   Level
 Blink                    Tloc           20%        N/A       100%        2
 Gell's Gravitas          Tloc           10%        N/A       100%        3
 Lesser Beckoning         Tloc           10%        N/A       100%        3
 Teleport Other           Tloc           10%        N/A       100%        3
 Manifold Assault         Tloc           10%        N/A       100%        5

Inventory:

Hand Weapons
 k - a +0 whip
 Y - a +0 hand axe (weapon)
Armour
 f - a +1 cloak (worn)
 j - a +0 chain mail (worn)
Scrolls
 h - a scroll of identify

Dungeon Overview and Level Annotations

Branches:
Dungeon (2/15)

Altars:


Message History

Done exploring.
2071 ||| DRINKING 2 emerald potions.
It was a potion of brilliance.
You feel clever all of a sudden.
Done exploring.
2072 ||| DROPPING 2 scrolls of noise.
You drop 2 scrolls of noise.
Done exploring.
2073 ||| DROPPING potion of degeneration.
You drop a potion of degeneration.
Done exploring.
2074 ||| DROPPING potion of brilliance.
You drop a potion of brilliance.
Done exploring.
(D) Dungeon
Where to? (* - list waypoints, Enter - D:2, ? - help)
What level of the Dungeon? (default 1, ? - help) Sorry, I don't know how to get there.
Done exploring.
2075 ||| Stepping randomly (stuck).
Really walk into that cloud of poison gas?
You are engulfed in poison gas.
You are poisoned.
You feel very sick.
There is a stone staircase leading down here.
2076 ||| Stepping ~*~*~tactically~*~*~ (cloud).
You feel very sick.
Items here: !! ? [[.
There is a lethal amount of poison in your body!
You feel sick.
There is a lethal amount of poison in your body!
You feel sick.
There is a lethal amount of poison in your body!
You feel sick.
There is a lethal amount of poison in your body!
You feel sick.
There is a lethal amount of poison in your body!
You feel sick.
There is a lethal amount of poison in your body!
You feel sick.
There is a lethal amount of poison in your body!
You feel sick.
There is a lethal amount of poison in your body!
You die...

#..........:####
#...........#
##........?..####
#......>.........
##.##..###.######
#.#..####.######
#.0............#
#########.#######.####.#
#00...0@0...000.........
########00...00.........
#########..###...
##########.#..# #...
#.............###...
#.########.##..##...
#..........##..##...
#.########.##..##./. #.#
##.##.%##...


There were no monsters in sight!

Vanquished Creatures
  3 adders (D:2)
  A worm (D:2)
  4 bats
  3 endoplasms (D:1)
  3 giant cockroaches
  6 goblins
  7 hobgoblins
  3 kobolds
  A quokka (D:1)
  3 ball pythons (D:1)
  5 frilled lizards
  15 rats
54 creatures vanquished.

Notes
Turn   | Place    | Note
-------+----------+-------------------------------------------
     0 | D:1      | qw the Tengu Warper began the quest for the Orb.
     0 | D:1      | Reached XP level 1. HP: 12/12 MP: 4/4
     0 | D:1      | 0 ||| qw: Version: 0.1-a-89-g26bdef1
     0 | D:1      | 0 ||| qw: Game counter: 3193
     0 | D:1      | 0 ||| qw: Always use a shield: true
     0 | D:1      | 0 ||| qw: God list: Okawaru
     0 | D:1      | 0 ||| qw: Allow faded altars: false
     0 | D:1      | 0 ||| qw: Do Orc after D:15 true
     0 | D:1      | 0 ||| qw: Do second Lair branch before Depths: true
     0 | D:1      | 0 ||| qw: Lair rune preference: random
     0 | D:1      | 0 ||| qw: Plans: Normal
     0 | D:1      | 0 ||| PLANNING D:1-11
    64 | D:1      | 64 ||| Stepping ~*~*~tactically~*~*~ (stealth).
    66 | D:1      | 66 ||| Stepping ~*~*~tactically~*~*~ (stealth).
    69 | D:1      | 69 ||| Stepping ~*~*~tactically~*~*~ (stealth).
   183 | D:1      | Reached XP level 2. HP: 17/17 MP: 6/6
   197 | D:1      | Reached skill level 3 in Axes
   320 | D:1      | 320 ||| Stepping ~*~*~tactically~*~*~ (stealth).
   322 | D:1      | 322 ||| Stepping ~*~*~tactically~*~*~ (stealth).
   324 | D:1      | 324 ||| Stepping ~*~*~tactically~*~*~ (stealth).
   575 | D:1      | Reached XP level 3. HP: 20/21 MP: 7/7
   714 | D:1      | Reached skill level 4 in Axes
   936 | D:1      | Found a faded altar of an unknown god.
   991 | D:1      | 991 ||| UPGRADING to +1 cloak.
   996 | D:1      | 996 ||| READING scroll labelled XOITIC BOE.
   997 | D:1      | 997 ||| READING scroll labelled QYPYL DODU.
   998 | D:1      | 998 ||| READING scroll labelled FUKAEKHICHU.
   999 | D:1      | 999 ||| DRINKING 2 inky potions.
  1000 | D:1      | 1000 ||| DROPPING scroll of blinking.
  1001 | D:1      | 1001 ||| DROPPING potion of attraction.
  1077 | D:2      | 1077 ||| Stepping ~*~*~tactically~*~*~ (hiding).
  1079 | D:2      | 1079 ||| Stepping ~*~*~tactically~*~*~ (hiding).
  1098 | D:2      | 1098 ||| FLEEEEING.
  1099 | D:2      | 1099 ||| FLEEEEING.
  1100 | D:2      | 1100 ||| FLEEEEING.
  1101 | D:2      | 1101 ||| FLEEEEING.
  1102 | D:2      | 1102 ||| FLEEEEING.
  1103 | D:2      | 1103 ||| FLEEEEING.
  1104 | D:2      | 1104 ||| FLEEEEING.
  1105 | D:2      | 1105 ||| FLEEEEING.
  1106 | D:2      | 1106 ||| FLEEEEING.
  1107 | D:2      | 1107 ||| FLEEEEING.
  1108 | D:2      | 1108 ||| FLEEEEING.
  1109 | D:2      | 1109 ||| FLEEEEING.
  1110 | D:2      | 1110 ||| FLEEEEING.
  1112 | D:2      | 1112 ||| FLEEEEING.
  1113 | D:2      | 1113 ||| FLEEEEING.
  1114 | D:2      | 1114 ||| FLEEEEING.
  1116 | D:2      | 1116 ||| FLEEEEING.
  1117 | D:2      | 1117 ||| FLEEEEING.
  1118 | D:2      | 1118 ||| FLEEEEING.
  1119 | D:2      | 1119 ||| FLEEEEING.
  1120 | D:2      | 1120 ||| FLEEEEING.
  1121 | D:2      | 1121 ||| FLEEEEING.
  1122 | D:2      | 1122 ||| STAIRDANCE
  1262 | D:2      | 1262 ||| Stepping ~*~*~tactically~*~*~ (stealth).
  1265 | D:2      | 1265 ||| Stepping ~*~*~tactically~*~*~ (stealth).
  1266 | D:2      | 1266 ||| Stepping ~*~*~tactically~*~*~ (stealth).
  1267 | D:2      | 1267 ||| Stepping ~*~*~tactically~*~*~ (stealth).
  1268 | D:2      | 1268 ||| Stepping ~*~*~tactically~*~*~ (stealth).
  1269 | D:2      | 1269 ||| Stepping ~*~*~tactically~*~*~ (stealth).
  1303 | D:2      | 1303 ||| Stepping ~*~*~tactically~*~*~ (stealth).
  1468 | D:2      | Reached XP level 4. HP: 26/26 MP: 8/8
  1471 | D:2      | 1471 ||| Stepping ~*~*~tactically~*~*~ (stealth).
  1487 | D:2      | 1487 ||| Stepping ~*~*~tactically~*~*~ (stealth).
  1749 | D:2      | 1749 ||| Stepping ~*~*~tactically~*~*~ (stealth).
  1754 | D:2      | 1754 ||| Stepping ~*~*~tactically~*~*~ (stealth).
  1756 | D:2      | 1756 ||| Stepping ~*~*~tactically~*~*~ (stealth).
  1758 | D:2      | 1758 ||| Stepping ~*~*~tactically~*~*~ (stealth).
  1760 | D:2      | 1760 ||| Stepping ~*~*~tactically~*~*~ (stealth).
  1770 | D:2      | Reached skill level 5 in Axes
  1878 | D:2      | 1878 ||| DROPPING +0 club.
  2046 | D:2      | 2046 ||| UPGRADING to +0 ring mail.
  2056 | D:2      | 2056 ||| DROPPING +0 leather armour.
  2057 | D:2      | 2057 ||| UPGRADING to +0 chain mail.
  2067 | D:2      | 2067 ||| DROPPING +0 ring mail.
  2068 | D:2      | 2068 ||| READING scroll labelled VIC REYLOCWIWUSM.
  2069 | D:2      | 2069 ||| READING 3 scrolls labelled ZYACEK VUOCVEMM.
  2070 | D:2      | 2070 ||| DRINKING 2 metallic purple potions.
  2071 | D:2      | 2071 ||| DRINKING 2 emerald potions.
  2072 | D:2      | 2072 ||| DROPPING 2 scrolls of noise.
  2073 | D:2      | 2073 ||| DROPPING potion of degeneration.
  2074 | D:2      | 2074 ||| DROPPING potion of brilliance.
  2075 | D:2      | 2075 ||| Stepping randomly (stuck).
  2076 | D:2      | 2076 ||| Stepping ~*~*~tactically~*~*~ (cloud).
  2079 | D:2      | HP: 5/26 [poisoned by you (poison gas)]
  2082 | D:2      | HP: 2/26 [poisoned by you (poison gas)]
  2084 | D:2      | Succumbed to their own poison gas

Levels and vault maps discovered:
D:1:      onia_arrival_mini_spirals, layout_basic,
          hellmonk_ecumenical_altar_inner_sanctum, minmay_rat_gold_closets
D:2:      minmay_angry_zag, layout_basic

Skill      XL: |  1  2  3  4 |
---------------+-------------+-----
Axes           | 3 4 5 |  5.0
Fighting       | |  2.0
Throwing       | |  1.0
Armour         | |  1.1
Dodging        | |  2.1
Spellcasting   | |  2.0
Translocations | |  2.4

Action                   |  1- 3 |  4- 6 || total
-------------------------+-------+-------++-------
Melee: Hand axe          |    76 |    36 ||   112
       Kick              |    24 |    10 ||    34
       Peck              |     4 |     5 ||     9
       Punch             |     1 |     1 ||     2
Throw: Boomerang         |     7 |       ||     7
  Use: Scroll            |     3 |     2 ||     5
       Potion            |     1 |     2 ||     3
Armor: Leather armour    |    13 |    10 ||    23
Dodge: Dodged            |    31 |    26 ||    57

Table legend:
 A = Non-vault XP
 B = Vault XP
 C = Vault XP percentage of total XP
 D = Non-vault monster count
 E = Vault monster count
 F = Vault count percentage of total count
                 A         B        C        D         E       F
            +---------+---------+-------+---------+---------+-------
      Total |      92 |      26 |  22.0 |      42 |      12 |  22.2
            +---------+---------+-------+---------+---------+-------
        D:1 |      42 |       8 |  16.0 |      27 |       8 |  22.9
        D:2 |      50 |      18 |  26.5 |      15 |       4 |  21.1
            +---------+---------+-------+---------+---------+-------
